 Dungeon Crawl Stone Soup version 0.27-b1-2-g8387495791 (webtiles) character file.

Game seed: 12535341482630021131

201 seveneves the Covered (level 5, -3/47 HPs)
             Began as a Minotaur Fighter on July 25, 2021.
             Was a Believer of Yredelemnul.
             Killed by nerve-wracking pain
             ... invoked by Menkaure
              (7 damage)
             ... on level 4 of the Dungeon.
             The game lasted 00:11:51 (2353 turns).

seveneves the Covered (Minotaur Fighter)            Turns: 2353, Time: 00:11:52

Health: -3/47      AC: 11    Str: 28    XL:     5   Next: 50%
Magic:  4/4        EV:  8    Int:  5    God:    Yredelemnul [**....]
Gold:   104        SH: 10    Dex:  9    Spells: 4/4 levels left

rFire    . . .     SeeInvis .   h - +1 dagger (venom)
rCold    . . .     Faith    .   c - +0 kite shield
rNeg     . . .     Spirit   .   b - +0 scale mail
rPois    .         Reflect  .   (helmet restricted)
rElec    .         Harm     .   (no cloak)
rCorr    .         Rampage  .   (no gloves)
Will     .....                  (no boots)
Stlth    ..........             (no amulet)
HPRegen  0.15/turn              f - +4 ring of protection
MPRegen  0.09/turn              k - +6 ring of strength

@: mighty
A: horns 2, retaliatory headbutt, subdued magic 1
a: Renounce Religion, Animate Remains, Recall Undead Slaves, Injury Mirror


You were on level 4 of the Dungeon.
You worshipped Yredelemnul.
Yredelemnul was pleased with you.
You visited 1 branch of the dungeon, and saw 4 of its levels.

You collected 104 gold pieces.

Inventory:

Hand Weapons
 a - a +0 long sword
 h - a +1 dagger of venom (weapon)
Missiles
 j - 50 sling bullets
Armour
 b - a +0 scale mail (worn)
 c - a +0 kite shield (worn)
Jewellery
 f - a +4 ring of protection (left hand)
 k - a +6 ring of strength (right hand)
Wands
 g - a wand of digging (5)
Scrolls
 m - a scroll of teleportation
Potions
 e - a potion of curing
 i - a potion of magic


   Skills:
 + Level 4.3 Fighting
 + Level 0.9(2.4) Short Blades
 + Level 4.0(4.1) Long Blades
 + Level 5.0 Armour
 + Level 1.2 Dodging
 + Level 0.1 Stealth
 + Level 4.7 Shields


You had 4 spell levels left.
You didn't know any spells.
Your spell library was empty.

Dungeon Overview and Level Annotations

Branches:
Dungeon (4/15)
 Temple: D:4-7

Altars:
Yredelemnul

Annotations:
D:4 Menkaure


Innate Abilities, Weirdness & Mutations

You have a pair of horns on your head.
You reflexively headbutt those who attack you in melee.
Your spells are a little easier to cast, but a little less powerful.


Message History

a jackal corpse; a jackal corpse; a giant cockroach corpse
Found 5 gold pieces.
Found a stone staircase leading up.
A worm comes into view.
Found 6 boomerangs.
You see here 5 gold pieces.
You now have 104 gold pieces (gained 5).
A worm is nearby!
Menkaure, Prince of Dust comes into view.
Menkaure shouts!
You hit the worm.
The worm is poisoned.
You headbutt the worm.
The worm is severely wounded.
Your jackal zombie bites the worm but does no damage.
You hit the worm.
The worm looks as sick as possible!
You headbutt the worm.
You kill the worm!
Yredelemnul accepts your kill.
Your Armour skill increases to level 5!
A kobold comes into view. It is wielding a +0 club.
Menkaure casts a spell.
Menkaure seems to speed up.
You block Menkaure's attack.
There is a stone staircase leading up here.
You hit Menkaure but do no damage. You block Menkaure's attack.
You hit Menkaure.
Menkaure is lightly damaged.
Your jackal zombie bites Menkaure.
Menkaure hits you!! The kobold hits you with a +0 club.
You hit Menkaure. You headbutt Menkaure.
Menkaure is severely damaged.
Menkaure hits you!!
* * * LOW HITPOINT WARNING * * *
Your jackal zombie bites Menkaure.
The kobold hits you but does no damage.
Your jackal zombie bites Menkaure.
Menkaure calls on the powers of darkness!
You feel a surge of unholy energy.
You feel very mighty all of a sudden. Menkaure casts a spell at you.
Pain shoots through your body!
You die...
Your body rises from the dead as a mindless zombie.

... ..# ...# ##### ..# ....#
..# #(.#########..#
#...#....ZM..# ###......@K.#
#####.......#.....#
######.....####### ###.#
#(.........# .....#######
.#.### ...### .....###########
..>..†.........###############


You could see Menkaure (fast, ally target), a kobold and a friendly jackal
zombie.

Vanquished Creatures
  A hound (D:4)
  An iguana (D:4)
  Terence (D:2)
  Robin (D:2)
  3 adders (D:3)
  An ufetubus (D:2)
  2 worms
  4 ball pythons
  5 endoplasms
  3 giant cockroaches
  11 goblins
  7 hobgoblins
  4 jackals (D:4)
  4 quokkas
  6 bats
  5 frilled lizards
  5 kobolds
  3 rats (D:2)
67 creatures vanquished.

Notes
Turn   | Place    | Note
-------+----------+-------------------------------------------
     0 | D:1      | seveneves the Minotaur Fighter began the quest for the Orb.
     0 | D:1      | Reached XP level 1. HP: 19/19 MP: 0/0
    98 | D:1      | Reached XP level 2. HP: 21/27 MP: 1/1
   258 | D:1      | Found a faded altar of an unknown god.
   265 | D:1      | Reached skill level 4 in Armour
   273 | D:1      | Became a worshipper of Yredelemnul the Dark
   273 | D:1      | Reached * piety under Yredelemnul
   635 | D:2      | Noticed Robin
   646 | D:2      | Killed Robin
   647 | D:2      | Reached XP level 3. HP: 4/33 MP: 2/2
   662 | D:2      | Gained mutation: Your spells are a little easier to cast,
                  | but a little less powerful. [potion of mutation]
   752 | D:2      | Noticed Terence
   760 | D:2      | Killed Terence
   761 | D:2      | Reached XP level 4. HP: 14/40 MP: 3/3
   925 | D:2      | Reached ** piety under Yredelemnul
  1901 | D:3      | Reached skill level 1 in Dodging
  2222 | D:4      | Reached XP level 5. HP: 40/46 MP: 4/4
  2344 | D:4      | Noticed Menkaure
  2347 | D:4      | Reached skill level 5 in Armour
  2353 | D:4      | Killed from afar by Menkaure

Illustrated notes

Levels and vault maps discovered:
D:1:      lemuel_arrival_broad_hall, layout_basic, ebering_ecumenical_altar_mist
D:2:      layout_basic, hangedman_decor_peaks_small, corner_web_ring,
          nrook_mini_vaults, uniq_robin, uniq_terence
D:3:      layout_loops_cross
D:4:      layout_rooms, uniq_edmund, uniq_ijyb, uniq_menkaure

Skill      XL: |  1  2  3  4  5 |
---------------+----------------+-----
Armour         | 4 5 |  5.0
Shields        | 4 |  4.7
Fighting       | 4 |  4.3
Long Blades    | 3 4 |  4.0
Dodging        | 1 |  1.2
Short Blades   | |  0.9
Stealth        | |  0.1

Action                   |  1- 3 |  4- 6 || total
-------------------------+-------+-------++-------
Melee: Long sword        |    57 |    14 ||    71
       Headbutt          |    11 |    14 ||    25
       Dagger            |       |    90 ||    90
Invok: Animate Remains   |       |     1 ||     1
  Use: Potion            |     2 |     5 ||     7
       Scroll            |       |     5 ||     5
Armor: Scale mail        |    35 |    36 ||    71
Dodge: Dodged            |    28 |    25 ||    53
Block: Kite shield       |    27 |    61 ||    88
       Rpst.: Long sword |     9 |     1 ||    10
